 Dungeon Crawl Stone Soup version 0.17-a0-1987-gaf5a542 (webtiles) character file.

128168 inmateoo the Thaumaturge (level 16, -3/128 HPs)
             Began as a Demonspawn Monk on Oct 6, 2015.
             Was the Champion of Ashenzari.
             Slain by a merfolk
             ... wielding a +0 trident
              (11 damage)
             ... on level 3 of the Shoals.
             The game lasted 01:33:16 (31873 turns).

inmateoo the Thaumaturge (Demonspawn Monk)         Turns: 31873, Time: 01:33:16

Health: -3/128     AC: 23    Str: 18    XL:     16   Next: 47%
Magic:  0/31       EV: 27    Int: 21    God:    Ashenzari [******]
Gold:   1041       SH: 10    Dex: 20    Spells: 7 memorised, 12 levels left

rFire  + + +     SeeInvis +     z - +12 dagger of Indignation {flame, rF+ rN+ MR+ Str+4} (curse)
rCold  . . .     Clarity  +     V - +5 robe of vines {DeviceHeal--- Regen++++++} (curse)
rNeg   + + .     SustAt   .     m - +3 buckler (curse)
rPois  .         Gourm    .     B - +2 hat (curse)
rElec  .         Spirit   +     M - +2 cloak (curse)
rCorr  .         Warding  .     R - +2 pair of gloves (curse)
rMut   .         Stasis   +     (boots unavailable)
MR     ++...                    f - amulet of Eternal Harmony {Stasis rF+ rN+ Int+5} (curse)
Stlth  ++++++....               l - +4 ring of evasion (curse)
                                g - +4 ring of protection (curse)

@: repel missiles, very resistant to hostile enchantments, very stealthy
A: horns 1, talons 3, yellow scales 2, clarity, clever 1, deformed body, fire
resistance 1, sense surroundings 1, robust 1, shaggy fur 1, slow regeneration 1,
strong 1, magic shield, magic regeneration, flame cloud immunity, subdued magic
1
a: Scrying, Transfer Knowledge, Renounce Religion


You were on level 3 of the Shoals.
You worshipped Ashenzari.
Ashenzari was exalted by your worship.
You were very hungry.

You visited 5 branches of the dungeon, and saw 31 of its levels.
You visited 1 bazaar.
You also visited: Labyrinth, Ossuary and Ice Cave.

You collected 2830 gold pieces.
You spent 1789 gold pieces at shops.

Inventory:

Hand Weapons
 z - the cursed +12 dagger of Indignation (weapon) {flame, rF+ rN+ MR+ Str+4}
   (You took it off a wight on level 6 of the Dungeon)

   It has been specially enchanted to burn those struck by it, causing extra
   injury to most foes and up to half again as much damage against particularly
   susceptible opponents.
   It affects your strength (+4).
   It protects you from fire.
   It protects you from negative energy.
   It affects your resistance to hostile enchantments.
   It has a curse placed upon it.
 Z - the +6 rapier of Wyrd {pierce, rElec MP+9 Dex+3 Stlth-}
   (You found it on level 14 of the Dungeon)

   It inflicts extra damage upon your enemies.
   It affects your dexterity (+3).
   It insulates you from electricity.
   It affects your magic capacity (+9).
   It makes you less stealthy.
Missiles
 L - 7 throwing nets (quivered)
Armour
 m - a cursed +3 buckler (worn)
 B - a cursed +2 hat (worn)
 M - a cursed +2 cloak (worn)
 R - a cursed +2 pair of gloves (worn)
 V - the cursed +5 robe of vines (worn) {DeviceHeal--- Regen++++++}
   (You found it in a labyrinth)

   It increases your rate of regeneration.
   It has a curse placed upon it.
Rods
 k - a +5 rod of shadows (12/12)
   (You took it off a minotaur in a labyrinth)
 Y - a +3 iron rod (10/10)
   (You found it in a labyrinth)
Jewellery
 f - the cursed amulet of Eternal Harmony (around neck) {Stasis rF+ rN+ Int+5}
   (You found it in a labyrinth)

   [amulet of stasis]

   It prevents you from being teleported, slowed, hasted or paralysed.
   It affects your intelligence (+5).
   It protects you from fire.
   It protects you from negative energy.
   It has a curse placed upon it.
 g - a cursed +4 ring of protection (left hand)
 l - a cursed +4 ring of evasion (right hand)
Wands
 d - a wand of disintegration (17)
 D - a wand of fire (11)
 J - a wand of polymorph (4)
 O - a wand of hasting (1)
 P - a wand of teleportation (1)
 Q - a wand of cold (5)
 S - a wand of fire (1)
Scrolls
 e - 10 scrolls of teleportation
 s - 6 scrolls of magic mapping
 x - a scroll of curse jewellery
 y - 6 scrolls of recharging
 C - 6 scrolls of amnesia
 T - 2 scrolls of blinking
 U - 5 scrolls of fear
 X - 9 scrolls of identify
Potions
 c - 5 potions of flight
 p - 8 potions of curing
 u - 2 potions of cancellation
 v - 3 potions of might
 A - 4 potions of brilliance
 G - 6 potions of agility
 H - a potion of resistance
 I - 3 potions of haste
 K - 2 potions of cure mutation
 N - 3 potions of magic
 W - 2 potions of berserk rage
Miscellaneous
 a - a box of beasts
 E - a box of beasts {used: 7}
Comestibles
 b - 14 bread rations
 o - 2 beef jerkies
 q - 7 royal jellies
 t - 13 meat rations


   Skills:
 + Level 8.0 Fighting
 * Level 9.8(14.1) Short Blades
 - Level 8.0 Throwing
 - Level 6.0 Armour
 + Level 7.2(11.7) Dodging
 * Level 10.0(14.3) Stealth
 - Level 6.0(9.1) Shields
 * Level 10.9 Unarmed Combat
 * Level 11.0 Spellcasting
 * Level 6.0(10.5) Hexes
 - Level 2.6(6.3) Charms
 - Level 2.5(6.1) Necromancy
 - Level 7.3(11.8) Translocations
 - Level 5.2(9.7) Transmutations
 * Level 7.2(11.7) Evocations


You had 12 spell levels left.
You knew the following spells:

 Your Spells              Type           Power        Failure   Level  Hunger
a - Blink                 Tloc           N/A          0%          2    None
b - Repel Missiles        Chrm/Air       ###...       1%          2    None
c - Stoneskin             Trmt/Erth      ###.....     1%          2    None
d - Regeneration          Chrm/Necr      ####......   1%          3    None
e - Blade Hands           Trmt           ####......   1%          5    ####...
f - Invisibility          Hex            #####...     7%          6    ######.
g - Dispel Undead         Necr           ####....     9%          5    ####...


Dungeon Overview and Level Annotations

Branches:
Dungeon (15/15)            Temple (1/1) D:5            Lair (8/8) D:11
 Shoals (3/4) Lair:3        Snake (0/4) Lair:6        Slime (0/6) Lair:8
    Orc (4/4) D:11            Elf (0/3) Orc:3        Vaults (0/5) D:14
 Depths (0/5) D:15

Altars:
Ashenzari
Cheibriados
Dithmenos
Elyvilon
Fedhas
Gozag
Kikubaaqudgha
Makhleb
Nemelex Xobeh
Okawaru
Qazlal
Ru
Sif Muna
Trog
Vehumet
Xom
Yredelemnul
Zin
The Shining One
Beogh

Shops:
D:4 [   D:7 !   Orc:2 (([   Orc:4 =*([   Shoals:2 [

Portals:
Hell: Lair:8

Annotations:
D:2 Pikel
D:5 Anothat's ghost, novice DrFE
Shoals:3 Aizul; Ilsuiw


Innate Abilities, Weirdness & Mutations

You have claws for feet.
You are mostly covered in yellow scales (AC +3).
Your flesh is heat resistant.
When hurt, damage is shared between your health and your magic reserves.
You regenerate magic rapidly.
You are immune to clouds of flame.
You have a pair of small horns on your head.
You possess an exceptional clarity of mind.
Your mind is acute. (Int +2)
Armour fits poorly on your strangely shaped body.
You passively map a small area around you.
You are robust (+10% HP).
You are covered in fur (AC +1).
You regenerate slowly when monsters are visible.
Your muscles are strong. (Str +2)
Your spells are a little easier to cast, but a little less powerful.


Message History

You cannot teleport because you are wearing the cursed amulet of Eternal Harmony {Stasis rF+ rN+ Int+5}.
The siren is engulfed in a cloud of scalding steam.
The siren chants a haunting song.
You are unaffected.
Ilsuiw mumbles some strange words.
The merfolk hits you from afar with a trident!!
* * * LOW HITPOINT WARNING * * *
Unknown command.
Read which item? (? for menu, Esc to quit)
Okay, then.
Read which item? (? for menu, Esc to quit)
As you read the scroll of summoning, it crumbles to dust.
Wisps of shadow whirl around you... You block the merfolk's attack.
Ilsuiw casts a spell.
Ilsuiw blinks!
Read which item? (? for menu, Esc to quit)
As you read the scroll of fog, it crumbles to dust.
The scroll dissolves into smoke.
The merfolk hits you from afar with a trident!
You die...

≈≈≈≈≈≈≈≈≈≈≈≈≈≈≈≈≈≈≈≈≈≈≈≈
>*,,≈≈ ≈
≈≈≈≈≈≈≈≈≈≈≈≈≈≈≈≈≈≈≈≈≈≈≈≈, *,
≈ ≈≈≈≈≈≈≈≈≈≈≈≈..≈≈≈≈≈≈≈≈≈≈.
** ≈≈ ≈
≈≈≈≈≈≈≈≈≈≈)..≈≈≈≈≈≈≈≈≈≈.,,*
, ≈
≈≈≈≈≈≈≈≈≈.##.(≈EE≈≈[≈m≈≈≈,*
≈≈≈≈≈≈≈≈≈≈.####.≈≈m§≈≈≈≈≈≈,*
***, ≈ .....≈≈≈.#
##mm≈m≈..≈≈.** ≈.,##.....##
#§H≈≈...... **** ..,###..#.#
#@§E≈≈##..#* **, ,
.#*..≈≈.#.### ##§§m≈≈.# .. *
≈ .#.≈≈≈≈.....##.≈X≈≈≈≈≈≈≈≈.
, ≈ ≈
≈≈.≈≈≈≈≈≈.....≈≈≈≈≈≈≈≈≈≈≈≈≈
≈≈≈
≈≈≈≈≈≈≈≈≈≈≈≈≈≈≈≈≈≈≈≈≈≈≈≈≈≈≈
≈
≈≈≈≈≈≈≈≈≈≈≈≈≈≈≈≈≈≈≈≈≈≈≈≈≈≈≈
≈ ≈≈≈≈≈≈≈≈≈≈≈≈≈≈≈≈≈≈≈≈≈≈≈≈≈≈
≈ ≈≈
≈≈≈≈≈≈≈≈≈≈≈≈≈≈≈≈≈≈≈≈≈≈≈≈ ≈≈
≈ ≈≈ ≈≈≈≈≈≈≈≈≈≈≈≈≈≈≈≈≈≈≈≈≈≈≈
≈≈


You could see Ilsuiw (invisible), 2 merfolk, a water nymph, a water elemental, a
siren, a friendly kraken (wandering), a friendly merfolk (wandering) and a
friendly hippogriff (wandering).

Vanquished Creatures
  An orc warlord (Orc:4)
  Azrael (D:15)
  A dire elephant (Lair:8)
  5 merfolk impalers
  A minotaur (Lab)
  A rakshasa (D:14)
  Harold (D:12)
  7 hydras
  Erolcha (D:8)
  A naga warrior (Lair:6)
  A hell beast (Lair:8)
  2 centaur warriors (D:15)
  A satyr (Shoals:2)
  A merfolk avatar (Shoals:2)
  2 dancing weapons (D:14)
  20 death yaks
  A merfolk aquamancer (Shoals:1)
  2 ogre magi (D:15)
  2 alligators (D:15)
  The ghost of Zebura the Carver, a journeyman DEBe of Trog (D:12)
  3 orc high priests
  4 sea snakes (Shoals:2)
  3 unseen horrors
  A wizard (Lair:8)
  4 ice statues
  8 hill giants
  2 orc sorcerers
  3 deep elf conjurers (D:15)
  4 fauns (Shoals:2)
  6 ugly things
  4 cyclopes
  13 elephants
  A water nymph (Shoals:2)
  8 griffons
  3 manticores
  2 oklob plants
  Maurice (D:8)
  4 sirens
  An eye of devastation (shapeshifter) (D:14)
  2 centaur zombies
  An efreet (D:15)
  7 black mambas
  3 orange demons (Lair:8)
  13 spiny frogs
  A gargoyle (D:13)
  3 fire drakes
  5 centaur skeletons
  10 komodo dragons
  2 kobold demonologists
  A red devil (Lair:8)
  6 trolls
  A hellwing (Lair:8)
  A trapdoor spider zombie (D:13)
  Prince Ribbit (D:6)
  3 two-headed ogres
  11 merfolk
  A snapping turtle (Shoals:3)
  2 blue devils (Lair:8)
  11 slime creatures
  A queen bee (D:10)
  9 blink frogs
  The ghost of Anothat the Conjurer, an amateur DrFE (D:6)
  2 boulder beetles
  5 water elementals
  Sigmund (D:6)
  A centaur simulacrum (D:14)
  3 fire bats
  3 wraiths
  38 yaks
  A spriggan (D:13)
  A shadow (D:11)
  7 deep elf magi
  A human (D:7)
  A steam dragon (Lair:6)
  A vampire (D:14)
  6 basilisks
  A trapdoor spider (D:10)
  8 hippogriffs
  2 hungry ghosts
  Grum (D:11)
  A wyvern (D:10)
  2 mottled dragons (D:14)
  A vampire mosquito (D:8)
  A fire elemental (D:15)
  Menkaure (D:7)
  18 wolves
  10 wargs
  12 water moccasins
  2 hell hounds
  4 nagas (Lair:6)
  39 orc warriors
  12 porcupines
  6 ice beasts (IceCv)
  2 sky beasts (D:11)
  4 slaves (D:4)
  2 black bears
  2 phantoms
  A necrophage (D:8)
  2 eyes of draining
  15 ogres
  17 centaurs
  A wasp (D:12)
  4 big kobolds
  19 crocodiles
  A brain worm (D:14)
  A wyvern zombie (D:10)
  5 scorpions
  11 giant frogs
  39 killer bees
  2 electric eels (D:12)
  2 vampire bats (D:15)
  11 wights
  A giant frog zombie (D:9)
  2 quasits
  30 orc priests
  4 crimson imps
  2 giant frog skeletons
  12 jellies
  Crazy Yiuf (D:2)
  Ijyb (D:2)
  A gnoll shaman (D:9)
  38 orc wizards
  3 hell rats
  11 worker ants
  4 hounds
  A killer bee zombie (D:5)
  4 iguanas
  33 sheep
  12 mummies (Ossuary)
  11 adders
  54 river rats
  6 gnolls (D:9)
  12 white imps (D:14)
  2 shadow imps
  6 oozes (D:15)
  A worm (D:2)
  9 giant geckos
  183 orcs
  5 giant cockroaches
  A gnoll skeleton (Ossuary)
  7 goblins
  5 hobgoblins
  2 jackals
  A ball python skeleton (D:4)
  21 bats
  A giant gecko zombie (D:8)
  3 giant newts
  4 goblin skeletons (Ossuary)
  3 jackal skeletons
  29 kobolds
  A kobold skeleton (Ossuary)
  2 orc skeletons (Ossuary)
  2 quokkas
  A quokka skeleton (D:8)
  15 rats
  11 rat skeletons (Ossuary)
  A bush (Lair:4)
  2 fungi
  A plant (D:11)
1119 creatures vanquished.

Vanquished Creatures (collateral kills)
  Rupert (Lair:7)
  A hydra (Lair:7)
  A centaur skeleton (D:10)
  A red devil (Lair:8)
  A blue devil (Lair:8)
  A fire elemental (D:15)
  2 hell hounds
  A giant frog (Lair:7)
9 creatures vanquished.

Vanquished Creatures (others)
  A faun (Shoals:2)
  An orc wizard (Orc:3)
  An orc (D:13)
  2 fungi (Lair:3)
  2 plants
7 creatures vanquished.

Grand Total: 1135 creatures vanquished

Notes
Turn   | Place    | Note
--------------------------------------------------------------
     0 | D:1      | inmateoo the Demonspawn Monk began the quest for the Orb.
     0 | D:1      | Reached XP level 1. HP: 18/18 MP: 1/1
   466 | D:1      | Gained mutation: Your flesh is heat resistant. [demonic ancestry]
   466 | D:1      | Reached XP level 2. HP: 24/24 MP: 2/2
   733 | D:1      | Reached skill level 4 in Unarmed Combat
   952 | D:2      | Gained mutation: When hurt, damage is shared between your health and your magic reserves. [demonic ancestry]
   952 | D:2      | Reached XP level 3. HP: 24/29 MP: 3/3
  1599 | D:2      | Noticed Ijyb
  1620 | D:2      | Killed Ijyb
  1620 | D:2      | Reached skill level 1 in Armour
  1620 | D:2      | Gained mutation: You have sharp toenails. [demonic ancestry]
  1620 | D:2      | Reached XP level 4. HP: 21/35 MP: 1/4
  1759 | D:2      | Noticed Crazy Yiuf
  1767 | D:2      | Killed Crazy Yiuf
  1992 | D:2      | Reached skill level 1 in Shields
  2457 | D:3      | Gained mutation: You regenerate magic rapidly. [demonic ancestry]
  2457 | D:3      | Reached XP level 5. HP: 39/41 MP: 3/5
  3279 | D:4      | Noticed an ogre
  3346 | D:4      | Noticed Pikel
  3346 | D:4      | Noticed a slave
  3346 | D:4      | Noticed a slave
  3346 | D:4      | Noticed a slave
  3346 | D:4      | Noticed a slave
  3663 | D:4      | Killed a slave
  3692 | D:4      | Noticed a phantom
  3831 | D:4      | Killed a phantom
  3831 | D:4      | Reached skill level 5 in Unarmed Combat
  3831 | D:4      | Gained mutation: You are partially covered in yellow scales (AC +2). [demonic ancestry]
  3831 | D:4      | Reached XP level 6. HP: 19/48 MP: 6/6
  4038 | D:4      | Killed a slave
  4108 | D:4      | Killed a slave
  4251 | D:4      | Found Vexek's Antique Armour Shop.
  4256 | D:4      | Bought a glowing hat for 116 gold pieces
  4815 | D:4      | Killed an ogre
  4815 | D:4      | Reached XP level 7. HP: 54/54 MP: 7/7
  4926 | D:4      | Killed a slave
  5042 | D:5      | Entered Level 5 of the Dungeon
  5152 | D:5      | Noticed Anothat's ghost (novice DrFE)
  5254 | D:5      | Found a burning altar of Makhleb.
  5407 | D:5      | Reached skill level 6 in Unarmed Combat
  5652 | D:5      | Found a staircase to the Ecumenical Temple.
  5661 | Temple   | Entered the Ecumenical Temple
  5718 | Temple   | Became a worshipper of Ashenzari the Shackled
  5718 | Temple   | Acquired Ashenzari's first power
  5718 | Temple   | Acquired Ashenzari's second power
  6110 | D:6      | Noticed Sigmund
  6171 | D:6      | Noticed Prince Ribbit
  6197 | D:6      | Killed Prince Ribbit
  6197 | D:6      | Reached XP level 8. HP: 56/61 MP: 8/8
  6253 | D:6      | Found a snail-covered altar of Cheibriados.
  6373 | D:6      | Noticed Anothat's ghost (amateur DrFE)
  6572 | D:7      | Learned a level 2 spell: Blink
  6575 | D:7      | Learned a level 2 spell: Repel Missiles
  6604 | D:7      | Reached skill level 5 in Fighting
  6643 | D:7      | Found an iron altar of Okawaru.
  6842 | D:7      | Found an iron altar of Okawaru.
  6998 | D:7      | Found Aleneofe's Distillery.
  7001 | D:7      | Bought a potion of heal wounds for 65 gold pieces
  7001 | D:7      | Bought a potion of curing for 39 gold pieces
  7064 | D:7      | Noticed Menkaure
  7071 | D:7      | Killed Menkaure
  7071 | D:7      | Reached skill level 1 in Spellcasting
  7270 | D:7      | Found a shimmering altar of Xom.
  7322 | D:7      | Reached skill level 7 in Unarmed Combat
  7671 | D:8      | Reached skill level 5 in Dodging
  7687 | D:8      | Found a radiant altar of Vehumet.
  7840 | D:8      | Found a sand-covered staircase.
  7849 | Ossuary  | Entered an ossuary
  8177 | Ossuary  | Gained mutation: Your spells are a little easier to cast, but a little less powerful. [potion of mutation]
  8177 | Ossuary  | Gained mutation: You possess an exceptional clarity of mind. [potion of mutation]
  8177 | Ossuary  | Gained mutation: Your muscles are strong. (Str +2) [potion of mutation]
  8197 | Ossuary  | Gained mutation: You have razor-sharp toenails. [demonic ancestry]
  8197 | Ossuary  | Reached XP level 9. HP: 68/68 MP: 11/11
  8814 | D:8      | Noticed a kobold demonologist
  8903 | D:8      | Killed a kobold demonologist
  9042 | D:8      | Noticed Maurice
  9084 | D:8      | Killed Maurice
  9251 | D:8      | Noticed Erolcha
  9366 | D:8      | Reached skill level 8 in Unarmed Combat
  9439 | D:8      | Acquired Ashenzari's third power
  9777 | D:9      | Found a white marble altar of Elyvilon.
  9781 | D:9      | Found an opulent altar of Gozag.
  9976 | D:9      | Gained mutation: You are immune to clouds of flame. [demonic ancestry]
  9976 | D:9      | Reached XP level 10. HP: 76/76 MP: 16/16
 10030 | D:9      | Identified the +4 ring mail "Xen Yme" {rPois Str+2}
 10200 | D:9      | Found a sparkling altar of Nemelex Xobeh.
 10201 | D:9      | Found a blossoming altar of Fedhas.
 10201 | D:9      | Found a basalt altar of Yredelemnul.
 10201 | D:9      | Found a glowing golden altar of the Shining One.
 10292 | D:9      | Learned a level 2 spell: Stoneskin
 10337 | D:9      | Found a shadowy altar of Dithmenos.
 10341 | D:9      | Found an ancient bone altar of Kikubaaqudgha.
 10623 | D:8      | Reached skill level 1 in Translocations
 10856 | D:6      | Killed Anothat's ghost
 10856 | D:6      | Reached skill level 5 in Armour
 10856 | D:6      | Reached skill level 5 in Spellcasting
 10961 | D:6      | Killed Sigmund
 11047 | D:6      | Got the dagger of Indignation {flame, rF+ rN+ MR+ Str+4}
 11048 | D:6      | Identified the +12 dagger of Indignation {flame, rF+ rN+ MR+ Str+4} (You took it off a wight on level 6 of the Dungeon)
 11204 | D:8      | Killed Erolcha
 11204 | D:8      | Reached skill level 1 in Short Blades
 11229 | D:10     | Entered Level 10 of the Dungeon
 11261 | D:10     | Reached skill level 5 in Shields
 11698 | D:10     | Acquired Ashenzari's fourth power
 11818 | D:10     | Noticed a hill giant
 11829 | D:10     | Killed a hill giant
 11829 | D:10     | Gained mutation: You have claws for feet. [demonic ancestry]
 11829 | D:10     | Reached XP level 11. HP: 63/84 MP: 12/19
 12590 | D:11     | Found a staircase to the Orcish Mines.
 12713 | D:11     | Gained mutation: You passively map a small area around you. [mutagenic meat]
 12793 | D:11     | Found a staircase to the Lair.
 12805 | D:11     | Noticed a hill giant
 12822 | D:11     | Killed a hill giant
 12957 | D:11     | Noticed Grum
 12981 | D:11     | Killed Grum
 12981 | D:11     | Reached skill level 1 in Throwing
 13096 | D:11     | Reached skill level 5 in Translocations
 13214 | D:11     | Gained mutation: You regenerate slowly when monsters are visible. [mutagenic meat]
 13548 | Orc:1    | Entered Level 1 of the Orcish Mines
 13736 | Orc:1    | Reached skill level 5 in Short Blades
 13743 | Orc:1    | Reached skill level 5 in Stealth
 14294 | Orc:2    | Found Ygenn's Antique Weapon Shoppe.
 14309 | Orc:1    | Reached XP level 12. HP: 69/91 MP: 19/23
 14492 | Orc:2    | Found Qeunuopo's Weapon Shop.
 15357 | Orc:2    | Found Achep's Armour Shoppe.
 15401 | Orc:2    | Found a bloodstained altar of Trog.
 15526 | Orc:3    | Found a staircase to the Elven Halls.
 15608 | Orc:4    | Entered Level 4 of the Orcish Mines
 15721 | Orc:4    | Found an iron altar of Okawaru.
 15785 | Orc:4    | Found a roughly hewn altar of Beogh.
 15833 | Orc:4    | Found a roughly hewn altar of Beogh.
 15852 | Orc:4    | Paralysed by an orc sorcerer for 3 turns
 15880 | Orc:4    | Found Cawocitt's Jewellery Boutique.
 16079 | Orc:4    | Found a roughly hewn altar of Beogh.
 16165 | Orc:4    | Found Zocoetyqi's Assorted Antiques.
 16182 | Orc:4    | Bought a potion of heal wounds for 150 gold pieces
 16182 | Orc:4    | Bought a silver wand for 120 gold pieces
 16182 | Orc:4    | Bought a scroll labeled QUCABRURIR for 30 gold pieces
 16182 | Orc:4    | Bought a potion of agility for 120 gold pieces
 16182 | Orc:4    | Bought a scroll of identify for 60 gold pieces
 16182 | Orc:4    | Bought a scroll of teleportation for 90 gold pieces
 16377 | Orc:4    | Found a roughly hewn altar of Beogh.
 17057 | Orc:4    | Noticed an orc warlord
 17113 | Orc:4    | Killed an orc warlord
 17256 | Orc:4    | Found Zoduk's Antique Weapon Shop.
 17257 | Orc:4    | Found a roughly hewn altar of Beogh.
 17273 | Orc:4    | Found Hucune Zona's Antique Armour Boutique.
 17537 | D:12     | Noticed Zebura's ghost (journeyman DEBe)
 17570 | D:12     | Killed Zebura's ghost
 17834 | D:12     | Noticed Harold
 17859 | D:12     | Killed Harold
 17859 | D:12     | Reached XP level 13. HP: 96/96 MP: 25/25
 17928 | D:12     | Acquired Ashenzari's fifth power
 18335 | D:12     | Reached skill level 1 in Evocations
 18539 | D:12     | Reached skill level 5 in Throwing
 18648 | D:13     | Noticed a hill giant
 18659 | D:13     | Killed a hill giant
 18664 | D:13     | Reached skill level 9 in Spellcasting
 18788 | D:13     | Noticed Sonja
 18823 | D:13     | Noticed Sonja
 18823 | D:13     | Sonja changed into Sonja the spriggan
 18827 | D:13     | Killed Sonja the spriggan
 19475 | D:14     | Gained mutation: You have a pair of small horns on your head. [mutagenic meat]
 19476 | D:14     | Gained mutation: You are covered in fur (AC +1). [mutagenic meat]
 19477 | D:14     | Gained mutation: Armour fits poorly on your strangely shaped body. [mutagenic meat]
 19512 | D:14     | Found a frozen archway.
 19560 | IceCv    | Entered an ice cave
 19577 | IceCv    | Reached skill level 1 in Transmutations
 19689 | IceCv    | Learned a level 3 spell: Regeneration
 20151 | D:14     | Found a gateway to a bazaar.
 20171 | Bazaar   | Entered a bazaar
 20171 | Bazaar   | Found Rusiaddyut's Distillery.
 20171 | Bazaar   | Found Wananok's Armour Shop.
 20171 | Bazaar   | Found Sodaoski's Book Shoppe.
 20171 | Bazaar   | Found Yricve's Distillery.
 20173 | Bazaar   | Found Sounyziu's Distillery.
 20173 | Bazaar   | Found Ulafot's Book Shoppe.
 20193 | Bazaar   | Bought a +0 pair of gloves for 54 gold pieces
 20416 | Bazaar   | Bought a book of Party Tricks for 450 gold pieces
 20416 | Bazaar   | Bought the Collected Works on Transmutation and Earth for 495 gold pieces
 20422 | Bazaar   | Learned a level 5 spell: Blade Hands
 20934 | D:14     | Found a gate to the Vaults.
 21152 | D:14     | Gained mutation: You are robust (+10% HP). [mutagenic meat]
 21153 | D:14     | Lost mutation: You are robust (+10% HP). [mutagenic meat]
 21156 | D:14     | Gained mutation: You are robust (+10% HP). [mutagenic meat]
 21157 | D:14     | Gained mutation: Your mind is acute. (Int +2) [mutagenic meat]
 21475 | D:14     | Got the rapier of Wyrd {pierce, rElec MP+9 Dex+3 Stlth-}
 21476 | D:14     | Identified the +6 rapier of Wyrd {pierce, rElec MP+9 Dex+3 Stlth-} (You found it on level 14 of the Dungeon)
 21629 | D:15     | Entered Level 15 of the Dungeon
 21645 | D:15     | Learned a level 6 spell: Invisibility
 21761 | D:15     | Noticed Azrael
 21779 | D:15     | Gained mutation: You are mostly covered in yellow scales (AC +3). [demonic ancestry]
 21779 | D:15     | Reached XP level 14. HP: 105/113 MP: 27/27
 22099 | D:15     | Reached skill level 1 in Hexes
 22109 | D:15     | Found a staircase to the Depths.
 22389 | D:15     | Killed Azrael
 22583 | D:15     | Reached skill level 1 in Charms
 23182 | D:15     | Reached skill level 5 in Evocations
 23449 | Lair:1   | Entered Level 1 of the Lair of Beasts
 23713 | Lair:1   | Reached skill level 10 in Spellcasting
 24401 | Lair:2   | Learned a level 5 spell: Dispel Undead
 25066 | Lair:3   | Found a staircase to the Shoals.
 25202 | Lair:3   | Reached skill level 1 in Necromancy
 25652 | Lair:4   | Found a labyrinth entrance.
 25712 | Lab      | Entered a labyrinth
 25910 | Lab      | Identified a +5 rod of shadows (5/12) (You took it off a minotaur in a labyrinth)
 25914 | Lab      | Identified the amulet of Eternal Harmony {Stasis rF+ rN+ Int+5} (You found it in a labyrinth)
 26014 | Lair:4   | Identified a +1 rod of clouds (13/13) (You found it in a labyrinth)
 26499 | Lair:4   | Reached skill level 10 in Unarmed Combat
 27089 | Lair:5   | Reached XP level 15. HP: 118/118 MP: 25/29
 27905 | Lair:6   | Identified the +5 leather armour of Hauvuuw {rCorr}
 28110 | Lair:6   | Found a staircase to the Snake Pit.
 28448 | Lair:5   | Identified the +2 ring mail "Hodedehy" {rF+ rCorr Dex-3} (You found it on level 15 of the Dungeon)
 28678 | Lair:7   | Noticed Rupert
 28695 | Lair:7   | Killed Rupert
 28948 | Lair:7   | Identified the +2 ring mail "Cishodil" {Int+2}
 29262 | Lair:8   | Entered Level 8 of the Lair of Beasts
 29320 | Lair:8   | Found a staircase to the Slime Pits.
 29453 | Lair:8   | Reached skill level 5 in Hexes
 29637 | Lair:8   | Found a shimmering altar of Xom.
 29787 | Lair:8   | Reached skill level 5 in Transmutations
 30135 | Lair:8   | Found a burning altar of Makhleb.
 30151 | Lair:8   | Reached XP level 16. HP: 127/127 MP: 22/30
 30170 | Lair:8   | Found a gateway to Hell.
 30423 | Shoals:1 | Entered Level 1 of the Shoals
 31029 | Shoals:2 | Found Sior's Armour Emporium.
 31633 | Shoals:2 | Reached skill level 10 in Stealth
 31733 | Shoals:3 | Reached skill level 11 in Spellcasting
 31735 | Shoals:3 | Noticed Aizul
 31853 | Shoals:3 | Noticed Ilsuiw
 31871 | Shoals:3 | HP: 4/128 [merfolk/trident (16)]
 31873 | Shoals:3 | Slain by a merfolk

Vault maps used:
D:1:      dpeg_arrival_round_b, minivault_4
D:2:      uniq_crazy_yiuf_cottage, uniq_iyjb
D:3:      first_bread, kennysheep_big_empty_room
D:4:      serial_shops, kennysheep_little_box, kennysheep_boxes, uniq_pikel
D:5:      kennysheep_mini_moat, lemuel_temple_firewalk
D:6:      old_standard_altar, uniq_prince_ribbit1, uniq_sigmund
D:7:      nicolae_overflow_hidden_temple, basic_altar, serial_shops,
          kennysheep_mini, grunt_livestock, dk_xom_monty_hall, uniq_menkaure
D:8:      old_standard_altar, nicolae_ossuary_entry_monument, st_stairs_9,
          kb_rosetta, uniq_maurice, uniq_erolcha
D:9:      grunt_temple_overflow_open, minitemple
D:10:     serial_bayou_pond_a
D:11:     dpeg_oklobed_lair, uniq_grum
D:12:     serial_bayou, serial_bayou_pond_d, serial_bayou_pond_e,
          serial_bayou_lake_a, serial_bayou_pond_b,
          hangedman_abyss_or_decor_stabs, uniq_harold
D:13:     uniq_sonja
D:14:     erik_vaults_1, portal_ice_cave_entry_imps, serial_shops, statue_bzr,
          minmay_misc_feat_roman, grunt_ministairs_1
D:15:     grunt_enter_depths_magical_seal, hangedman_decor_push,
          hangedman_parallel_progression, uniq_azrael
Temple:   circular_temple_6
Lair:1:   guppyfry_lair_drakes, lemuel_fruit_tree, infiniplex_staircase_pool_2
Lair:2:   st_stairs_5, roderic_batcave
Lair:3:   minmay_shoals_entry_centaurs, grunt_megastairs_2
Lair:4:   lab_entry_generic, st_stairs_13, minmay_lair_oklob_bushes
Lair:6:   minmay_snake_entry_guardpost_large
Lair:7:   dpeg_oklob_1, uniq_rupert
Lair:8:   evil_forest, minmay_slime_entry_pillars, basic_altar,
          columned_hall_lemuel
Shoals:2: nicolae_shoals_island_circles, serial_shops, nicolae_shop_trees
Shoals:3: uniq_aizul, uniq_ilsuiw
Orc:2:    serial_shops, shop_fountains, shop, shop, basic_altar
Orc:3:    nicolae_orc_pool_cavern, mines5_lemuel
Orc:4:    grunt_orc_community_town_hall, grunt_orc_community_big_house_1,
          grunt_orc_community_big_house_2, grunt_orc_community_house_2,
          grunt_orc_community_house_3, grunt_orc_community_house_3,
          grunt_orc_community_house_3, grunt_orc_community_house_3,
          okawaru_metal_pillars_1_2
Lab:      labyrinth_watery, lab_hedge, nicolae_lab_grate_2, nicolae_lab_arrow,
          nicolae_lab_starburst
Bazaar:   bazaar_minmay_generic_island
Ossuary:  ossuary_due_small_catacomb
IceCv:    ice_cave_statue_garden_02

Action                   |  1- 3 |  4- 6 |  7- 9 | 10-12 | 13-15 | 16-18 || total
-------------------------+-------+-------+-------+-------+-------+-------++-------
Melee: Unarmed           |    31 |   128 |   577 |   231 |       |    13 ||   980
       Spear             |   115 |   193 |       |       |       |       ||   308
       Dagger            |       |       |       |  1300 |  1972 |   268 ||  3540
Throw: Throwing net      |       |       |       |     2 |     1 |       ||     3
 Cast: Repel Missiles    |       |       |       |     2 |     3 |       ||     5
       Regeneration      |       |       |       |       |     3 |     1 ||     4
       Invisibility      |       |       |       |       |     9 |     3 ||    12
       Stoneskin         |       |       |       |       |     1 |       ||     1
       Blade Hands       |       |       |       |       |       |     1 ||     1
 Abil: Evoke Berserk Rag |       |       |       |     1 |       |       ||     1
Evoke: Wand              |       |     1 |    27 |     7 |     5 |       ||    40
       Box of beasts     |       |       |       |       |     5 |     2 ||     7
  Use: Scroll            |     5 |     6 |    22 |     6 |    21 |     8 ||    68
       Potion            |       |       |     5 |     6 |     4 |       ||    15
 Stab: Sleeping          |     5 |     6 |    11 |     3 |    78 |     9 ||   112
       Distracted        |       |       |     1 |     2 |     5 |       ||     8
       Invisible         |       |       |       |       |    61 |    22 ||    83
       Held in net/web   |       |       |       |       |     2 |       ||     2
  Eat: Chunk             |     2 |    10 |     8 |    22 |    14 |       ||    56
       Beef jerky        |       |       |     3 |       |     6 |       ||     9
       Fruit             |       |       |     2 |       |    12 |       ||    14
       Royal jelly       |       |       |     1 |       |     5 |       ||     6
       Pizza             |       |       |     1 |     6 |     4 |       ||    11
       Meat ration       |       |       |       |       |     3 |       ||     3
